 Dungeon Crawl Stone Soup version 0.29-a0-914-g906f1d757c (webtiles) character file.

Game seed: 2040336445086482198

44 Garessta the Caller (level 3, -8/21 HPs)
             Began as an Octopode Summoner on July 26, 2022.
             Killed from afar by Terence (9 damage)
             ... with a puff of flame
             ... on level 2 of the Dungeon.
             The game lasted 00:04:00 (1702 turns).

Garessta the Caller (Octopode Summoner)             Turns: 1702, Time: 00:04:01

Health: -8/21      AC:  1    Str: 11    XL:     3   Next: 60%
Magic:  1/7        EV: 13    Int: 26    God:
Gold:   79         SH:  0    Dex: 12    Spells: 1/7 levels left

rFire   . . .      SeeInvis .   b - +6 hand axe of Leakh {venom, Fragile Str+4 Int+7}
rCold   . . .      Faith    .   (no shield)
rNeg    . . .      Spirit   .   (helmet restricted)
rPois   .          Reflect  .   (no amulet)
rElec   .          Harm     .   (no ring)
rCorr   .          Rampage  .   (no ring)
Will    .....                   (no ring)
Stlth   +++.......              (no ring)
HPRegen 0.07/turn               (no ring)
MPRegen 0.10/turn               (no ring)
                                (no ring)
                                (no ring)

@: no status effects
A: almost no armour, amphibious, 8 rings, camouflage 1, gelatinous body 1,
(nimble swimmer 1), tentacles
a: no special abilities


You were on level 2 of the Dungeon.
You visited 1 branch of the dungeon, and saw 2 of its levels.

You collected 79 gold pieces.

Inventory:

Hand Weapons
 b - the +6 hand axe of Leakh (weapon) {venom, Fragile Str+4 Int+7}
   (You found it on level 2 of the Dungeon)

   It poisons the flesh of those it strikes.
   Str:       It affects your strength (+4).
   Int:       It affects your intelligence (+7).
   Fragile:   It will be destroyed if unequipped.
Scrolls
 c - a scroll of identify {unknown}
 e - a scroll of enchant armour {unknown}
Potions
 a - a potion of magic
 d - a potion of curing {unknown}
 f - a potion of lignification {unknown}


   Skills:
 - Level 2.0 Dodging
 - Level 2.6 Stealth
 + Level 2.9 Spellcasting
 + Level 4.6 Summonings


You had one spell level left.
You knew the following spells:

 Your Spells              Type           Power      Damage    Failure   Level
a - Summon Small Mammal   Summ           100%       N/A       1%          1
b - Call Imp              Summ           28%        N/A       2%          2
c - Call Canine Familiar  Summ           28%        N/A       4%          3

Your spell library contained the following spells:

 Spells                   Type           Power      Damage    Failure   Level
 Summon Guardian Golem    Hex/Summ       15%        N/A       11%         3
 Summon Lightning Spire   Summ/Air       15%        N/A       36%         4


Dungeon Overview and Level Annotations

Branches:
Dungeon (2/15)

Altars:

Annotations:
D:2 Terence


Innate Abilities, Weirdness & Mutations

You cannot wear most types of armour.
You are amphibious.
You can wear up to eight rings at the same time.
Your skin changes colour to match your surroundings (Stealth+).
Your rubbery body absorbs attacks. (AC +1, EV +1)
((You are camouflaged when in or above water. (Stealth+)))
You have tentacles for arms and can constrict up to eight enemies at once.


Message History

Terence zaps a wand.
The puff of flame hits your hound. The quokka misses your hound.
Your hound closely misses Terence.
Your hound bites Terence.
Terence closely misses your hound.
The quokka bites your hound but does no damage.
Your hound bites Terence but does no damage.
The quokka barely misses your hound.
Terence hits your hound with a +0 short sword.
Your hound bites Terence but does no damage.
The quokka barely misses your hound.
Your hound bites Terence.
Terence zaps a wand.
The puff of flame hits your hound. The quokka misses your hound.
Your hound barely misses Terence.
Terence barely misses your hound.
Your hound bites Terence but does no damage.
The quokka closely misses your hound.
Your hound bites Terence but does no damage.
Terence zaps a wand.
The puff of flame hits your hound!
Your hound dies!
Your hound's corpse disappears in a puff of smoke!
Your crimson imp blinks!
Casting: Call Imp (safe; 2% risk of failure)
Confirm with . or Enter, or press ? or * to list all spells.
You miscast Call Canine Familiar.
You are very lightly contaminated with residual magic.
Nothing appears to happen.
The quokka closely misses you. The quokka bites you.
Casting: Call Canine Familiar (quite dangerous; 4% risk of failure)
Confirm with . or Enter, or press ? or * to list all spells.
You don't have enough magic to cast this spell.
The quokka attacks as you move away!
The quokka bites you but does no damage.
You hit the quokka.
The quokka is poisoned.
Your grab misses the quokka.
The quokka is almost dead.
You kill the quokka!
Terence zaps a wand.
The puff of flame hits you!
* * * LOW HITPOINT WARNING * * *
Terence zaps a wand.
The puff of flame misses you.
Your magical contamination has completely faded away.
Terence says, "Time to say good-bye..."
Terence zaps a wand.
The puff of flame hits you!
You die...

######## #..@.@.#
#.####.#
#.#...@########
#@#.......@...#
#.###########.#
!.........# #)#
##.##5###.# #.#
... #.# #.#
........#.# #.#
........#.## #.#
........#... #.#
........#..######
#.#


You could see Terence.

Vanquished Creatures
  An endoplasm (D:1)
  A giant cockroach (D:1)
  A hobgoblin (D:2)
  A quokka (D:2)
  2 ball pythons (D:1)
  3 bats (D:1)
  A frilled lizard (D:2)
  A rat (D:1)
11 creatures vanquished.

Vanquished Creatures (collateral kills)
  An adder (D:2)
  A dart slug (D:1)
  2 bats (D:2)
  An endoplasm (D:1)
  A hobgoblin (D:1)
  3 jackals (D:1)
  A kobold (D:1)
  4 quokkas (D:1)
  A ball python (D:2)
  2 frilled lizards
  A rat (D:1)
18 creatures vanquished.

Grand Total: 29 creatures vanquished

Notes
Turn   | Place    | Note
-------+----------+-------------------------------------------
     0 | D:1      | Garessta the Octopode Summoner began the quest for the Orb.
     0 | D:1      | Reached XP level 1. HP: 11/11 MP: 3/3
   370 | D:1      | Reached XP level 2. HP: 17/17 MP: 3/5
   427 | D:1      | Found a faded altar of an unknown god.
   453 | D:1      | Learned a level 2 spell: Call Imp
   806 | D:1      | Reached XP level 3. HP: 19/21 MP: 3/6
   810 | D:1      | Learned a level 3 spell: Call Canine Familiar
  1658 | D:2      | Identified the +6 hand axe of Leakh {venom, Fragile Str+4
                  | Int+7}
  1679 | D:2      | Noticed Terence
  1696 | D:2      | HP: 1/21 [Terence/puff of flame (10)]
  1702 | D:2      | Killed from afar by Terence

Illustrated notes

Levels and vault maps discovered:
D:1:      lemuel_arrival_room, layout_loops_ring, ebering_ecumenical_altar_hall
D:2:      layout_basic, nicolae_elevator_lobby_plus, uniq_terence

Action                   || total
-------------------------++-------
Melee: Unarmed           ||     9
       Long sword        ||    15
       Constrict         ||    11
       Dagger            ||     4
       Hand axe          ||     1
       Tentacles         ||     1
 Cast: Summon Small Mamm ||    16
       Call Imp          ||    14
       Call Canine Famil ||     1
 Stab: Sleeping          ||     4
Armor: Skin              ||    10
Dodge: Dodged            ||    47

Table legend: (Time is in decaauts)
 A = Elapsed time spent in this place.
 B = Non-inter-level travel time spent in this place.
 C = Inter-level travel time spent in this place.
 D = Time resting spent in this place.
 E = Time spent auto-exploring this place.
 F = Levels seen in this place.
 G = Mean time per level.
                   A        B        C        D        E       F      G
               +--------+--------+--------+--------+--------+-----+--------+
         Total |   1706 |   1695 |     11 |      0 |   1374 |   2 |  853.0 |
       Dungeon |   1706 |   1695 |     11 |      0 |   1374 |   2 |  853.0 |
               +--------+--------+--------+--------+--------+-----+--------+

Top non-repeatable levels by time:
     D:1: 1183 daAuts
     D:2: 522 daAuts
